 Dungeon Crawl Stone Soup version 0.14.1-27-g0f46f74 (webtiles) character file.

4537 Kae the Covert (level 10, -9/44 HPs)
             Began as a Spriggan Enchanter on Aug 9, 2014.
             Was a Follower of Dithmenos.
             Killed by the air
             ... invoked by Gastronok
              (41 damage)
             ... on Level 9 of the Dungeon.
             The game lasted 00:14:39 (8603 turns).

Kae the Covert (Spriggan Enchanter)                 Turns: 8603, Time: 00:14:39

HP  -9/44        AC  4     Str  7      XL: 10   Next:  6%
MP  34/38        EV 18     Int 16      God: Dithmenos [*.....]
Gold 417         SH  0     Dex 18      Spells:  3 memorised, 17 levels left

rFire  . . .     SeeInvis +     b - +1,+3 dagger (elec)
rCold  . . .     Clarity  .     l - +1 robe
rNeg   . . .     Conserve +     (shield restricted)
rPois  .         rCorr    .     (helmet restricted)
rElec  .         rRot     .     j - +0 cloak (curse)
SustAb . .       Spirit   .     (gloves unavailable)
rMut   .         Warding  .     (boots unavailable)
Saprov . . .     Stasis   .     i - amulet of conservation
MR     +....                    F - ring of wizardry
                                z - ring of magical power

@: wreathed by umbra, very quick, somewhat resistant to hostile enchantments,
extraordinarily stealthy
A: unfitting armour, see invisible, herbivore 3, speed 3, slow metabolism 2
a: Renounce Religion


You were on level 9 of the Dungeon.
You worshipped Dithmenos.
Dithmenos was aware of your devotion.
You were very full.

You visited 2 branches of the dungeon, and saw 10 of its levels.

You collected 417 gold pieces.

Inventory:

Hand weapons
 a - a +1,+1 dagger
 b - a +1,+3 dagger of electrocution (weapon)
Missiles
 d - 11 darts (quivered)
Armour
 j - a cursed +0 cloak (worn)
 l - a +1 robe (worn)
Magical devices
 B - a wand of digging (22)
Comestibles
 g - 3 cheeses
 k - 10 bread rations
 p - a choko
Scrolls
 h - 3 scrolls of remove curse
 q - 8 scrolls of teleportation
 s - a scroll of magic mapping
 u - a scroll of blinking
 J - a scroll of recharging
Jewellery
 i - an amulet of conservation (around neck)
 z - a ring of magical power (left hand)
 F - a ring of wizardry (right hand)
Potions
 f - 8 potions of curing
 m - 3 potions of invisibility
 n - a potion of brilliance {unknown}
 o - a potion of might {unknown}
 r - 4 potions of heal wounds
 t - a potion of degeneration {unknown}
 A - 2 potions of lignification {unknown}
 C - 3 potions of agility {unknown}
 E - a potion of confusion {unknown}
Books
 c - a book of Maledictions

   Spells                             Type                      Level
   *Corona                            Hexes                        1
   Sure Blade                         Hexes/Charms                 2
   *Ensorcelled Hibernation           Hexes/Ice                    2
   *Confuse                           Hexes                        3
   Enslavement                        Hexes                        4
   Invisibility                       Hexes                        6
 e - a book of Dreams

   Spells                             Type                      Level
   *Ensorcelled Hibernation           Hexes/Ice                    2
   Flight                             Charms/Air                   3
   Phase Shift                        Translocation                5
   Shadow Creatures                   Summoning                    5
   Mass Confusion                     Hexes                        6
   Darkness                           Hexes                        7
 x - a book of Changes

   Spells                             Type                      Level
   Beastly Appendage                  Transmutation                1
   Sticks to Snakes                   Transmutation                2
   Spider Form                        Transmutation/Poison         3
   Ice Form                           Ice/Transmutation            4
   Blade Hands                        Transmutation                5
 K - a book of Wizardry

   Spells                             Type                      Level
   Summon Elemental                   Summoning                    4
   Agony                              Necromancy                   5
   Force Lance                        Conjuration                  5
   Haste                              Charms                       6
   Invisibility                       Hexes                        6
   Spellforged Servitor               Conjuration/Summoning        7


   Skills:
 * Level 9.1 Short Blades
 - Level 1.1 Throwing
 - Level 3.0 Dodging
 * Level 13.3 Stealth
 + Level 7.4 Spellcasting
 + Level 7.9 Hexes


You had 17 spell levels left.
You knew the following spells:

 Your Spells              Type           Power        Failure   Level  Hunger
a - Corona                Hex            ####...      1%          1    None
b - Ensorcelled Hibernat  Hex/Ice        ###...       1%          2    None
c - Confuse               Hex            ####....     1%          3    ##.....


Dungeon Overview and Level Annotations

Branches:
Dungeon (9/15)             Temple (1/1) D:6
    Orc: D:9-12        Lair: D:8-11

Altars:
Ashenzari
Cheibriados
Dithmenos
Kikubaaqudgha
Makhleb
Okawaru
Sif Muna
Trog
Vehumet
Xom
Yredelemnul
Zin
The Shining One

Annotations:
D:9 Gastronok


Innate Abilities, Weirdness & Mutations

You are tiny and cannot use many weapons and most armour.
You have supernaturally acute eyesight.
You are a herbivore.
You cover ground extremely quickly.
You need consume almost no food.


Message History

You climb downwards.
Level annotation: Gastronok Gastronok casts a spell.
There is a stone staircase leading up here.
Casting: Ensorcelled Hibernation
Confirm with . or Enter, or press ? or * to list all spells.
Aiming: Ensorcelled Hibernation
Press: ? - help, Shift-Dir - straight line, f - Gastronok
Aim: Gastronok wearing a runed hat Gastronok resists with almost no effort.
Casting: Ensorcelled Hibernation
Confirm with . or Enter, or press ? or * to list all spells.
Aiming: Ensorcelled Hibernation
Press: ? - help, Shift-Dir - straight line, f/p - Gastronok
Aim: Gastronok wearing a runed hat The rat looks drowsy...
Gastronok waves his eye-stalks in wide circles.
The air twists around and strikes you!
Ouch! That really hurt!
You die...

......#....#
#####.#.##.#
....#.#.##.#
.##.#.#.##.#
....#.#.##.#
.####.#..#.######
......##.#.#....#
.........#.#.##.##
##########.#....@#
.......[..jr###.##
#................#
....##############
#...........
..#.######## #.#.#
#.#.# ..#.#


You could see Gastronok and a rat (sleeping).

Vanquished Creatures
  Pikel (D:7)
  A two-headed ogre (D:8)
  Eustachio (D:5)
  2 hippogriffs
  A human (D:7)
  Edmund (D:9)
  Menkaure (D:7)
  3 hungry ghosts
  3 ogres
  A necrophage (D:8)
  An orc warrior (D:7)
  4 slaves (D:7)
  3 sky beasts
  2 phantoms
  2 centaurs
  A big kobold (D:7)
  3 giant frogs
  7 wights
  2 goliath beetles (D:6)
  2 crimson imps
  2 hounds
  A jelly (D:9)
  An orc wizard (D:8)
  An iguana (D:4)
  3 worker ants
  4 sheep (D:7)
  A big kobold zombie (D:9)
  11 adders
  A giant mite (D:3)
  An iguana zombie (D:6)
  An adder skeleton (D:5)
  An iguana skeleton (D:4)
  4 giant eyeballs
  5 giant geckos
  18 orcs
  6 giant cockroaches
  16 goblins
  8 hobgoblins
  5 jackals (D:3)
  12 kobolds
  2 ball pythons
  12 bats
  A giant gecko zombie (D:5)
  4 giant newts
  A hobgoblin skeleton (D:8)
  A kobold zombie (D:6)
  7 quokkas
  7 rats
179 creatures vanquished.

Notes
Turn   | Place    | Note
--------------------------------------------------------------
     0 | D:1      | Kae, the Spriggan Enchanter, began the quest for the Orb.
     0 | D:1      | Reached XP level 1. HP: 9/9 MP: 4/4
   211 | D:1      | Reached XP level 2. HP: 11/13 MP: 7/7
   407 | D:1      | Reached skill level 4 in Hexes
   578 | D:1      | Learned a level 2 spell: Ensorcelled Hibernation
   715 | D:2      | Reached XP level 3. HP: 13/16 MP: 1/10
  1740 | D:3      | Reached XP level 4. HP: 14/21 MP: 8/13
  1853 | D:3      | Found a deep blue altar of Sif Muna.
  1973 | D:3      | Found a radiant altar of Vehumet.
  2015 | D:3      | Found a shimmering altar of Xom.
  2526 | D:3      | Reached skill level 5 in Stealth
  2737 | D:4      | Noticed a phantom
  2809 | D:4      | Reached XP level 5. HP: 24/24 MP: 13/16
  2850 | D:4      | Learned a level 3 spell: Confuse
  2946 | D:4      | Killed a phantom
  3296 | D:4      | Noticed an ogre
  3302 | D:4      | Killed an ogre
  3302 | D:4      | Reached skill level 6 in Stealth
  3302 | D:4      | Reached skill level 5 in Hexes
  3302 | D:4      | Reached XP level 6. HP: 28/28 MP: 17/20
  3332 | D:4      | Paralysed by a giant eyeball for 2 turns
  3765 | D:4      | Found a shattered altar of Ashenzari.
  3818 | D:5      | Entered Level 5 of the Dungeon
  3837 | D:5      | Found a snail-covered altar of Cheibriados.
  3874 | D:5      | Reached skill level 7 in Stealth
  3886 | D:5      | Noticed Eustachio
  4077 | D:5      | Reached XP level 7. HP: 32/32 MP: 21/21
  4645 | D:5      | Reached skill level 5 in Short Blades
  4645 | D:5      | Reached skill level 8 in Stealth
  4673 | D:5      | Killed Eustachio
  4673 | D:5      | Reached skill level 5 in Spellcasting
  5188 | D:6      | Reached skill level 9 in Stealth
  5188 | D:6      | Reached XP level 8. HP: 36/36 MP: 19/24
  5492 | D:6      | Found a staircase to the Ecumenical Temple.
  5593 | D:7      | Noticed Pikel
  5601 | D:7      | Killed Pikel
  5601 | D:7      | Reached skill level 10 in Stealth
  5674 | Temple   | Entered the Ecumenical Temple
  5703 | Temple   | Became a worshipper of Dithmenos the Shadowed
  5902 | D:7      | Found a deep blue altar of Sif Muna.
  6273 | D:7      | Reached skill level 11 in Stealth
  6273 | D:7      | Reached XP level 9. HP: 39/39 MP: 24/27
  6698 | D:7      | Noticed Menkaure
  6704 | D:7      | Killed Menkaure
  7053 | D:8      | Found a glowing golden altar of the Shining One.
  7098 | D:8      | Reached skill level 12 in Stealth
  7731 | D:9      | Reached skill level 13 in Stealth
  7742 | D:9      | Noticed Edmund
  7759 | D:9      | Killed Edmund
  7772 | D:9      | Reached XP level 10. HP: 37/44 MP: 15/29
  7943 | D:9      | Acquired Dithmenos' first power
  7993 | D:9      | Noticed a gargoyle
  8280 | D:9      | Noticed Gastronok
  8603 | D:9      | Killed from afar by Gastronok

Action                   |  1- 3 |  4- 6 |  7- 9 | 10-12 || total
-------------------------+-------+-------+-------+-------++-------
Melee: Dagger            |   141 |   169 |   200 |     9 ||   519
Throw: Dart              |       |    11 |       |       ||    11
 Cast: Ensorcelled Hiber |    13 |    30 |    57 |    19 ||   119
       Confuse           |       |     6 |    29 |     9 ||    44
Evoke: Wand              |       |       |     4 |       ||     4
  Use: Potion            |       |     1 |     1 |       ||     2
       Scroll            |       |       |    16 |     1 ||    17
 Stab: Sleeping          |    10 |    27 |    66 |     3 ||   106
       Distracted        |       |     1 |       |       ||     1
       Confused          |       |     2 |     7 |     1 ||    10
